 Dungeon Crawl Stone Soup version 0.30.1-9-gdf580d7c3d (webtiles) character file.

Game seed: 8909534295474671585

57 Psyclone the Conjurer (level 3, -3/19 HPs)
             Began as a Deep Elf Conjurer on Sept 25, 2023.
             Slain by Terence
             ... wielding a +4 flail of protection
              (13 damage)
             ... on level 2 of the Dungeon.
             The game lasted 00:02:40 (1736 turns).

Psyclone the Conjurer (Deep Elf Conjurer)           Turns: 1736, Time: 00:02:40

Health: -3/19      AC:  3    Str:  4    XL:     3   Next: 73%
Magic:  2/11       EV: 12    Int: 24    God:
Gold:   70         SH:  5    Dex: 13    Spells: 8/11 levels left

rFire   . . .        i - +0 short sword
rCold   . . .        (no shield)
rNeg    . . .        a - +0 robe
rPois   .            (no helmet)
rElec   .            (no cloak)
rCorr   .            (no gloves)
SInv    .            c - +0 pair of boots
Will    .....        k - amulet of reflection
Stlth   ++           (no ring)
HPRegen 0.23/turn    (no ring)
MPRegen 0.12/turn

%: reflection
@: no status effects
A: no striking features
a: no special abilities


You were on level 2 of the Dungeon.
You visited 1 branch of the dungeon, and saw 2 of its levels.

You collected 70 gold pieces.

Inventory:

Hand Weapons
 i - a +0 short sword (weapon)
Armour
 a - a +0 robe (worn)
 c - a +0 pair of boots (worn)
Jewellery
 k - an amulet of reflection (around neck)
Wands
 o - a wand of quicksilver (4)
Scrolls
 e - a scroll of blinking {unknown}
 f - 3 scrolls of identify {unknown}
 h - a scroll of torment {unknown}
 l - a scroll of amnesia {unknown}
 m - a scroll of teleportation {unknown}
 p - a scroll of noise {unknown}
Potions
 b - a potion of magic
 d - a potion of might {unknown}
 g - a potion of ambrosia {unknown}
 j - 2 potions of curing {unknown}
 n - a potion of attraction {unknown}


   Skills:
 - Level 2.4 Dodging
 - Level 2.4 Stealth
 + Level 4.5 Spellcasting
 + Level 5.2 Conjurations


You had 8 spell levels left.
You knew the following spells:

 Your Spells              Type           Power      Damage    Failure   Level
a - Magic Dart            Conj           100%       1d8       1%          1
b - Searing Ray           Conj           60%        2d6       1%          2

Your spell library contained the following spells:

 Spells                   Type           Power      Damage    Failure   Level
 Dazzling Flash           Conj/Hex       36%        N/A       10%         3
 Ignite Poison            Fire/Tmut/Pois 5%         N/A       28%         3
 Fulminant Prism          Conj/Hex       9%         3d7       30%         4
 Iskenderun's Mystic Bla  Conj/Tloc      18%        2d6       30%         4
 Sticky Flame             Conj/Fire      18%        2d4       30%         4
 Ignition                 Fire           2%         3d3       100%        8


Dungeon Overview and Level Annotations

Branches:
Dungeon (2/15) Zot: 10262

Altars:

Shops:
D:2 :

Annotations:
D:2 Terence


Message History

Confirm with . or Enter, or press ? or * to list all spells.
Aiming: Searing Ray (safe; 1% risk of failure)
Press: ? - help, Shift-Dir - straight line, f - Terence
Aim: Terence, wielding a +4 flail of protection and wearing a +0 scale mail (asleep, 100% to hit)
The searing ray hits Terence but does no damage.
Terence shouts! (Press . to maintain the ray.) Terence screams, "I want your blood!"
You now have 9/11 mp.
The searing ray hits Terence but does no damage.
Terence says, "Don't bother to defend, it's pointless."
You now have 8/11 mp.
The searing ray hits Terence.
Terence is lightly wounded.
Terence shouts, "Get ready for death!"
You now have 7/11 mp.
The searing ray hits Terence!
Terence is severely wounded.
You finish channelling your searing ray.
You block Terence's attack.
You now have 6/11 mp.
Casting: Searing Ray (safe; 1% risk of failure)
Confirm with . or Enter, or press ? or * to list all spells.
Aiming: Searing Ray (safe; 1% risk of failure)
Press: ? - help, Shift-Dir - straight line, f/p - Terence
Aim: Terence, wielding a +4 flail of protection and wearing a +0 scale mail (severely wounded, 82% to hit)
The searing ray hits Terence but does no damage.
Terence is severely wounded. (Press . to maintain the ray.) Terence hits you with a +4 flail of protection!
You take 9 damage, and have 10/19 hp.
MASSIVE DAMAGE!!
You now have 4/11 mp.
The searing ray hits Terence but does no damage.
Terence is severely wounded.
You block Terence's attack.
You now have 3/11 mp.
The searing ray hits Terence.
Terence is almost dead.
Terence hits you with a +4 flail of protection!
Ouch! That really hurt!
You die...

..#..##.. ###...<# .#.# #.
.###.... #...#### ..#.# #. .##
#..#####.### #. ..# #..###...#
###. #)###.)....##)....# # #...
#..##รท##...)..##### .#
#######... ......##.###### #.#
#......... ####(....#
########..#...#####...
####..#..###...@@......# #...
........(....####..###########)..
.###.......# #..## ##......##.#
.....#..##.#####.## ##..........#
.####..###..#....# #..........##
.###...####...#### #..........##
..##.#...###..#### #..........##
#..#.###.###.....# #..........##
##...# #..##.###.# #..........##


You could see Terence.

Vanquished Creatures
  A worm (D:2)
  4 ball pythons
  4 bats
  2 endoplasms
  A giant cockroach (D:1)
  3 goblins
  6 hobgoblins
  6 jackals
  5 quokkas
  4 frilled lizards
  8 kobolds
  4 rats
48 creatures vanquished.

Notes
Turn   | Place    | Note
-------+----------+-------------------------------------------
     0 | D:1      | Psyclone the Deep Elf Conjurer began the quest for the Orb.
     0 | D:1      | Reached XP level 1. HP: 10/10 MP: 6/6
   211 | D:1      | Reached XP level 2. HP: 15/15 MP: 3/8
   215 | D:1      | Learned a level 2 spell: Searing Ray
   769 | D:1      | Reached skill level 5 in Conjurations
   769 | D:1      | Reached XP level 3. HP: 19/19 MP: 8/10
   893 | D:1      | Found a faded altar of an unknown god.
  1272 | D:2      | Found Qaothem's Vocational Training.
  1728 | D:2      | Noticed Terence
  1736 | D:2      | Slain by Terence

Illustrated notes

Levels and vault maps discovered:
D:1:      lightli_arrival_statue_moat, layout_loops_cross,
          dilly_ecumenical_altar_fadedgnrine
D:2:      layout_rooms, nicolae_shop_vocational, uniq_terence

Skill      XL: |  1  2 |
---------------+-------+-----
Spellcasting   | 4 |  4.5
Conjurations   | 5 |  5.2
Dodging        | |  2.4
Stealth        | |  2.4

Action                     || total
---------------------------++-------
   Cast: Magic Dart        ||    87
         Searing Ray       ||     2
 Armour: Robe              ||     4
  Dodge: Dodged            ||     8
  Block: Other             ||     2
